 Dungeon Crawl Stone Soup version 0.27-a0-1557-g57f10a385c (webtiles) character file.

Game seed: 16658072694269510535

84 pokeman the Magician (level 4, 0/25 HPs)
             Began as a Deep Elf Hedge Wizard on July 15, 2021.
             Killed by nerve-wracking pain
             ... invoked by Jessica
              (14 damage)
             ... on level 3 of the Dungeon.
             The game lasted 00:03:54 (2575 turns).

pokeman the Magician (Deep Elf Hedge Wizard)        Turns: 2575, Time: 00:03:54

Health: 0/25       AC:  6    Str:  7    XL:     4   Next: 24%
Magic:  10/13      EV: 12    Int: 20    God:
Gold:   167        SH:  0    Dex: 14    Spells: 2/14 levels left

rFire    . . .     SeeInvis .   a - +0 dagger
rCold    . . .     Faith    .   (no shield)
rNeg     . . .     Spirit   .   b - +0 robe
rPois    .         Reflect  .   c - +0 hat
rElec    .         Harm     .   k - +1 cloak
rCorr    .         Rampage  .   e - +0 pair of gloves
Will     .....                  h - +0 pair of boots
Stlth    ++........             (no amulet)
HPRegen  0.08/turn              (no ring)
MPRegen  0.13/turn              (no ring)

@: very slightly contaminated
A: no striking features
a: no special abilities


You were on level 3 of the Dungeon.
You visited 1 branch of the dungeon, and saw 3 of its levels.

You collected 167 gold pieces.

Inventory:

Hand Weapons
 a - a +0 dagger (weapon)
Missiles
 f - 17 arrows
Armour
 b - a +0 robe (worn)
 c - a +0 hat (worn)
 e - a +0 pair of gloves (worn)
 h - a +0 pair of boots (worn)
 k - a +1 cloak (worn)
Scrolls
 g - 3 scrolls of teleportation {unknown}
 i - a scroll of fear {unknown}
 l - a scroll of holy word {unknown}
 m - a scroll of immolation {unknown}
 n - a scroll of identify {unknown}
Potions
 d - a potion of berserk rage {unknown}
 j - 2 potions of attraction {unknown}
 o - a potion of ambrosia {unknown}


   Skills:
 - Level 1.0 Fighting
 - Level 1.0 Armour
 + Level 2.7 Dodging
 - Level 2.4 Stealth
 * Level 5.5 Spellcasting
 + Level 2.1 Conjurations
 - Level 1.0 Hexes
 - Level 1.1 Summonings
 - Level 1.1 Translocations
 + Level 0.1 Fire Magic


You had 2 spell levels left.
You knew the following spells:

 Your Spells              Type           Power      Damage    Failure   Level
a - Magic Dart            Conj           52%        1d5       4%          1
b - Mephitic Cloud        Conj/Pois/Air  8%         N/A       24%         3
c - Call Imp              Summ           9%         N/A       11%         2
d - Blink                 Tloc           N/A        N/A       11%         2
e - Conjure Flame         Conj/Fire      10%        6-21      21%         3
f - Corona                Hex            10%        N/A       7%          1

Your spell library contained the following spells:

 Spells                   Type           Power      Damage    Failure   Level
 Apportation              Tloc           18%        N/A       7%          1
 Summon Small Mammal      Summ           36%        N/A       7%          1
 Animate Skeleton         Necr           10%        N/A       11%         1
 Slow                     Hex            9%         N/A       11%         2


Dungeon Overview and Level Annotations

Branches:
Dungeon (3/15)

Altars:

Shops:
D:1 :   D:2 =   D:3 !

Annotations:
D:3 Jessica


Message History

Aim: a bat (asleep, 100% to hit)
The magic dart hits the bat.
You kill the bat!
Casting: Magic Dart (safe; 4% risk of failure)
Confirm with . or Enter, or press ? or * to list all spells.
You can't see any susceptible monsters within range! (Use Z to cast anyway.) Unknown command.
There is an entrance to Foeqoike's Distillery here.
Found a stone staircase leading down.
Jessica the Apprentice Sorceress comes into view.
She is wielding a +3 club.
Casting: Magic Dart (safe; 4% risk of failure)
Confirm with . or Enter, or press ? or * to list all spells.
Aiming: Magic Dart (safe; 4% risk of failure)
Press: ? - help, Shift-Dir - straight line, f - Jessica
Aim: Jessica, wielding a +3 club and wearing a +0 robe (asleep, 100% to hit)
The magic dart hits Jessica.
Jessica is moderately wounded.
Jessica shouts!
A rat comes into view.
Casting: Magic Dart (safe; 4% risk of failure)
Confirm with . or Enter, or press ? or * to list all spells.
Aiming: Magic Dart (safe; 4% risk of failure)
Press: ? - help, Shift-Dir - straight line, f/p - Jessica
Aim: Jessica, wielding a +3 club and wearing a +0 robe (moderately wounded, 100% to hit)
The magic dart hits Jessica but does no damage.
Jessica is moderately wounded.
Jessica casts a spell at you. Pain shoots through your body!
Casting: Magic Dart (safe; 4% risk of failure)
Confirm with . or Enter, or press ? or * to list all spells.
Aiming: Magic Dart (safe; 4% risk of failure)
Press: ? - help, Shift-Dir - straight line, f/p - Jessica
Aim: Jessica, wielding a +3 club and wearing a +0 robe (moderately wounded, 100% to hit)
You miscast Magic Dart.
You are very lightly contaminated with residual magic.
Nothing appears to happen.
Jessica points at you and mumbles some strange words.
Pain shoots through your body!
Ouch! That really hurt!
You die...

#.##.##<#
#....##†#
###.#####.#
#...# #.#
######.#.#
#.#
#........#
... .#.
#..>...###
...
...@.#......#
..###
#...@...## .#
###.....# ..
#.....#
......##
.#.....
..#.##### #.
#. #. #.


You could see Jessica.

Vanquished Creatures
  4 adders (D:2)
  A worm (D:2)
  2 dart slugs (D:2)
  4 endoplasms
  5 giant cockroaches
  2 hobgoblins (D:2)
  5 jackals
  3 kobolds
  4 quokkas
  A ball python (D:1)
  6 bats
  A frilled lizard (D:2)
  A goblin (D:1)
  2 rats (D:2)
41 creatures vanquished.

Notes
Turn   | Place    | Note
-------+----------+-------------------------------------------
     0 | D:1      | pokeman the Deep Elf Hedge Wizard began the quest for the
                  | Orb.
     0 | D:1      | Reached XP level 1. HP: 10/10 MP: 7/7
   465 | D:1      | Reached XP level 2. HP: 15/15 MP: 6/9
   554 | D:1      | Found a faded altar of an unknown god.
   569 | D:1      | Found Luolilet's Book Shoppe.
  1108 | D:2      | Reached skill level 5 in Spellcasting
  1134 | D:2      | Reached XP level 3. HP: 20/20 MP: 4/11
  1138 | D:2      | Learned a level 3 spell: Mephitic Cloud
  1141 | D:2      | Learned a level 2 spell: Call Imp
  1144 | D:2      | Learned a level 2 spell: Blink
  1148 | D:2      | Learned a level 3 spell: Conjure Flame
  1335 | D:2      | Learned a level 1 spell: Corona
  1431 | D:2      | Reached skill level 1 in Armour
  1451 | D:2      | Reached skill level 1 in Fighting
  1458 | D:2      | Found Vesefot's Jewellery Boutique.
  2224 | D:2      | Reached skill level 1 in Hexes
  2224 | D:2      | Reached XP level 4. HP: 23/25 MP: 0/13
  2445 | D:3      | Found Foeqoike's Distillery.
  2572 | D:3      | Noticed Jessica
  2575 | D:3      | Killed from afar by Jessica

Illustrated notes

Levels and vault maps discovered:
D:1:      lemuel_arrival_muddy, layout_basic, serial_shops, shop,
          shapermc_ecumenical_altar_mp_vishouse
D:2:      minmay_chambers_of_twos, layout_rooms, serial_shops,
          nicolae_square_shop, kennysheep_minor_cross, minmay_tetromino_o4
D:3:      layout_rooms, vehumet_statue, marbit_many_paths, serial_shops,
          shop_statue, shop, uniq_jessica

Skill      XL: |  1  2  3 |
---------------+----------+-----
Spellcasting   | 5 |  5.5
Armour         | 1 |  1.0
Fighting       | 1 |  1.0
Conjurations   | 2 |  2.1
Hexes          | 1 |  1.0
Dodging        | |  2.7
Stealth        | |  2.4
Summonings     | |  1.1
Translocations | |  1.1
Fire Magic     | |  0.1

Action                   |  1- 3 |  4- 6 || total
-------------------------+-------+-------++-------
Melee: Dagger            |     4 |    11 ||    15
 Cast: Magic Dart        |   122 |    16 ||   138
Armor: Robe              |    12 |     4 ||    16
Dodge: Dodged            |    23 |     4 ||    27

Table legend: (Time is in decaauts)
 A = Elapsed time spent in this place.
 B = Non-inter-level travel time spent in this place.
 C = Inter-level travel time spent in this place.
 D = Time resting spent in this place.
 E = Time spent auto-exploring this place.
 F = Levels seen in this place.
 G = Mean time per level.
                   A        B        C        D        E       F      G
               +--------+--------+--------+--------+--------+-----+--------+
         Total |   2575 |   2499 |     76 |    164 |   2048 |   3 |  858.3 |
       Dungeon |   2575 |   2499 |     76 |    164 |   2048 |   3 |  858.3 |
               +--------+--------+--------+--------+--------+-----+--------+

Top non-repeatable levels by time:
     D:2: 1438 daAuts
     D:1: 1007 daAuts
     D:3: 129 daAuts
